 Dungeon Crawl Stone Soup version 0.22.1-2-g9c5b331 (webtiles) character file.

222 thomasnlv21 the Chopper (level 5, 0/47 HPs)
             Began as a Minotaur Berserker on Nov 19, 2018.
             Was a Believer of Trog.
             Succumbed to an orc's poison
             ... on level 3 of the Dungeon.
             The game lasted 00:05:38 (2345 turns).

thomasnlv21 the Chopper (Minotaur Berserker)        Turns: 2345, Time: 00:05:39

Health: 0/47       AC:  7    Str: 23    XL:     5   Next: 66%
Magic:  4/4        EV: 11    Int:  4    God:    Trog [**....]
Gold:   44         SH:  0    Dex:  9    Spells: 4/4 levels left

rFire    . . .     SeeInvis .   i - -2 war axe (curse)
rCold    . . .     Gourm    .   (no shield)
rNeg     . . .     Faith    .   h - +0 scale mail
rPois    .         Spirit   .   (helmet restricted)
rElec    .         Reflect  .   (no cloak)
rCorr    .         Harm     .   (no gloves)
MR       .....                  (no boots)
Stlth    ..........             (no amulet)
HPRegen  0.15/turn              (no ring)
MPRegen  0.09/turn              (no ring)

@: lethally poisoned (0 -> -3)
A: retaliatory headbutt, horns 2
a: Berserk, Trog's Hand, Renounce Religion


You were on level 3 of the Dungeon.
You worshipped Trog.
Trog was pleased with you.
You were hungry.

You visited 1 branch of the dungeon, and saw 3 of its levels.

You collected 44 gold pieces.

Inventory:

Hand Weapons
 a - a +0 hand axe
 d - a +2 antimagic spear
 i - a cursed -2 war axe (weapon)
Armour
 b - a +1 animal skin
 h - a +0 scale mail (worn)
Wands
 f - a wand of flame (36)
Scrolls
 e - 4 scrolls of identify
Potions
 j - a potion of might
Comestibles
 c - 3 rations
 g - 9 chunks of flesh


   Skills:
 + Level 4.9 Fighting
 + Level 5.0 Axes
 + Level 4.1 Armour
 + Level 3.7 Dodging


You had 4 spell levels left.
You didn't know any spells.
Your spell library was empty.

Dungeon Overview and Level Annotations

Branches:
Dungeon (3/15)

Altars:


Innate Abilities, Weirdness & Mutations

You reflexively headbutt those who attack you in melee.
You have a pair of horns on your head.


Message History

The adder barely misses you.
Jessica hits you with an enchanted club!
* * * LOW HITPOINT WARNING * * *
The frilled lizard bites you but does no damage.
You closely miss Jessica.
Jessica is lightly wounded.
You barely miss the adder. You closely miss the frilled lizard.
The orc shouts!
The adder bites you but does no damage.
Jessica hits you with an enchanted club.
* * * LOW HITPOINT WARNING * * *
The frilled lizard closely misses you. The adder bites you.
* * * LOW HITPOINT WARNING * * *
You slash Jessica!
You kill Jessica!
Trog accepts your kill.
Trog appreciates your killing of a magic user.
Your Axes skill increases to level 5!
You closely miss the frilled lizard. You hit the adder but do no damage.
You die...

...##. ...## ...#.
...... .... ......
.>. ...# ......
#..###or##......
##.<.#...?......
##..=.....S......
#........@)..#
#........l...#
.##....%.......# ..
.....!().......##...
..###.)(.#..........
####.$####.#....
######)<)........
..!......%........
........))).......


You could see an adder, an orc, a frilled lizard and a rat.

Vanquished Creatures
  2 orc priests (D:2)
  Jessica (D:3)
  Robin (D:3)
  A gnoll (D:1)
  4 adders (D:2)
  An ooze (D:2)
  3 leopard geckos
  7 orcs
  3 bats (D:1)
  2 giant cockroaches (D:1)
  11 goblins
  10 hobgoblins
  4 jackals (D:2)
  A quokka (D:2)
  A ball python (D:1)
  6 frilled lizards
  4 kobolds
  3 rats
65 creatures vanquished.

Notes
Turn   | Place    | Note
-------+----------+-------------------------------------------
     0 | D:1      | thomasnlv21 the Minotaur Berserker began the quest for the
                  | Orb.
     0 | D:1      | Reached XP level 1. HP: 19/19 MP: 0/0
   365 | D:1      | Reached XP level 2. HP: 22/27 MP: 1/1
   373 | D:1      | Reached skill level 4 in Axes
   885 | D:1      | Reached XP level 3. HP: 33/33 MP: 2/2
  1064 | D:2      | Reached XP level 4. HP: 41/41 MP: 3/3
  1137 | D:2      | Found a faded altar of an unknown god.
  1193 | D:2      | Reached ** piety under Trog
  1501 | D:2      | Reached XP level 5. HP: 46/47 MP: 4/4
  2257 | D:3      | Noticed Robin
  2272 | D:3      | Killed Robin
  2335 | D:3      | Noticed Jessica
  2344 | D:3      | HP: 1/47 [adder (2)]
  2345 | D:3      | Killed Jessica
  2345 | D:3      | Reached skill level 5 in Axes
  2345 | D:3      | Succumbed to an orc's poison

Skill      XL: |  1  2  3  4  5 |
---------------+----------------+-----
Fighting       | 4 |  4.9
Axes           | 4 5 |  5.0
Armour         | 3 4 |  4.1
Dodging        | 3 |  3.7

Action                   |  1- 3 |  4- 6 || total
-------------------------+-------+-------++-------
Melee: Hand axe          |    32 |     4 ||    36
       Headbutt          |     5 |    11 ||    16
       War axe           |       |    80 ||    80
Invok: Berserk           |     1 |     1 ||     2
  Use: Scroll            |     5 |     2 ||     7
       Potion            |     1 |     1 ||     2
 Stab: Sleeping          |     1 |       ||     1
  Eat: Chunk             |       |     6 ||     6
Armor: Animal skin       |     7 |       ||     7
       Scale mail        |       |    48 ||    48
Dodge: Dodged            |    26 |    74 ||   100
